 Dungeon Crawl Stone Soup version 0.31-a0-986-g5e6e4ef867 (webtiles) character file.

Game seed: 3025237892709651727

2755 Persephone the Mimic (level 9, -3/62 HPs)
             Began as an Octopode Shapeshifter on Nov 8, 2023.
             Slain by a troll (13 damage)
             ... on level 7 of the Dungeon.
             The game lasted 00:09:24 (5111 turns).

Persephone the Mimic (Octopode Shapeshifter)        Turns: 5111, Time: 00:09:25

Health: -3/62      AC:  8    Str: 18    XL:     9   Next: 69%
Magic:  9/9        EV: 13    Int: 12    God:
Gold:   370        SH:  0    Dex: 11    Spells: 8/8 levels left

rFire   . . .        i - +5 dagger (protect)
rCold   . . .        (no shield)
rNeg    . . .        (helmet currently unavailable)
rPois   .            (no amulet)
rElec   .            (no ring)
rCorr   .            (no ring)
SInv    .            (no ring)
Will    .....        (no ring)
Stlth   +++          (no ring)
HPRegen 0.30/turn    (no ring)
MPRegen 0.11/turn    (no ring)
                     (no ring)

%: no passive effects
@: beast-form, under a protective aura
A: beast (slay +4), almost no armour, amphibious, 8 rings, camouflage 1,
gelatinous body 1, (nimble swimmer 1), tentacles
a: Begin Untransformation


You were on level 7 of the Dungeon.
You were a hulking beast.
You visited 2 branches of the dungeon, and saw 8 of its levels.

You collected 370 gold pieces.

Inventory:

Hand Weapons
 i - a +5 dagger of protection (weapon)
Jewellery
 l - a ring of fire
 q - a ring of wizardry
Talismans
 b - a beast talisman
 c - a flux talisman
Wands
 o - a wand of flame (15)
 t - a wand of quicksilver (7)
 v - a wand of polymorph (9)
Scrolls
 e - a scroll of fear
 f - 2 scrolls of teleportation
 g - a scroll of immolation
 s - a scroll of noise
 x - a scroll of brand weapon {unknown}
Potions
 a - a potion of lignification
 d - a potion of attraction
 h - a potion of haste
 j - a potion of resistance {unknown}
 k - a potion of enlightenment {unknown}
 m - 2 potions of might
 n - a potion of ambrosia {unknown}
 p - 2 potions of brilliance {unknown}
 r - a potion of mutation {unknown}
 u - a potion of curing
 w - a potion of magic {unknown}


   Skills:
 + Level 5.7 Fighting
 - Level 2.0 Dodging
 - Level 4.0 Stealth
 + Level 6.5 Unarmed Combat
 * Level 9.4 Shapeshifting


You had 8 spell levels left.
You didn't know any spells.
Your spell library contained the following spells:

 Spells                   Type           Power      Damage    Failure   Level
 Poisonous Vapours        Pois/Air       0%         N/A       45%         2
 Dazzling Flash           Conj/Hex       0%         N/A       69%         3
 Mephitic Cloud           Conj/Pois/Air  0%         N/A       69%         3
 Agony                    Necr           0%         N/A       100%        5
 Freezing Cloud           Conj/Ice/Air   0%         6-21      100%        5
 Silence                  Hex/Air        0%         N/A       100%        5


Dungeon Overview and Level Annotations

Branches:
Dungeon (7/15)             Temple (1/1) D:7

Altars:
Ashenzari
Dithmenos
Elyvilon
Fedhas
Kikubaaqudgha
Makhleb
Nemelex Xobeh
Okawaru
Qazlal
Ru
Sif Muna
Trog
Uskayaw
Vehumet
Wu Jian
Xom
Yredelemnul
The Shining One

Shops:
D:1 ?

Annotations:
Temple 2 transporters


Innate Abilities, Weirdness & Mutations

You are a hulking beast.
Your limbs bulge with bestial killing power. (Slay +4)
You cannot wear most types of armour.
You are amphibious.
You can wear up to eight rings at the same time.
Your skin changes colour to match your surroundings (Stealth+).
Your rubbery body absorbs attacks. (AC +1, EV +1)
((You are camouflaged when in or above water. (Stealth+)))
You have tentacles for arms and can constrict up to eight enemies at once.


Message History

Lua - moving closer to orc; Lua - done fight_enemy() Monster found; Killing and exploring; Evalutating dangerous sitituation Getting closest target; Target found Lua - initiating combat actions on orc || reach is 1 Lua - moving closer to orc; Lua - done fight_enemy() Monster found; Killing and exploring; Evalutating dangerous sitituation Getting closest target; Target found Lua - initiating combat actions on orc || reach is 1 Lua - attempting to attack orc The helpless orc fails to defend itself.
You puncture the orc!
Your weapon exudes an aura of protection.
You kill the orc!
Lua - done fight_enemy() Killing and exploring; No nearby monsters, exploring now
Things that are here:
a +0 club; a +0 ring mail; an orc corpse
There is a stone staircase leading up here.
Monster found; Killing and exploring; Evalutating dangerous sitituation Auto kill stopped - Too dangerous: Extremely Dangerous (1) Dangerous (0) Easy (0) Harmless (0)
A troll comes into view.
The troll shouts!
The troll bites you! The troll barely misses you. The troll closely misses you.
You puncture the troll!
Your weapon exudes an aura of protection.
The troll is lightly wounded.
The troll bites you! The troll claws you but does no damage.
The troll claws you!
A black bear comes into view.
The black bear growls angrily.
You puncture the troll! Your squeeze misses the troll.
The troll is moderately wounded.
The troll bites you.
* * * LOW HITPOINT WARNING * * *
The troll closely misses you. The troll claws you!
* * * LOW HITPOINT WARNING * * *
You puncture the troll!
The troll is heavily wounded.
The troll bites you!
You die...

.####... ........ #.#
.####### #.# .#### #.#
....# #.# ###.## ...
##..<######## #h#
............. #T#
##...###########h##.#
##.## #...........#
#.#####.######........
#.......# #########
#########


You could see a troll and a black bear.

Vanquished Creatures
  Maggie (D:7)
  Sigmund (D:6)
  Eustachio (D:6)
  A steam dragon (D:7)
  A water moccasin (D:7)
  2 ice beasts
  A black bear (D:6)
  2 ogres
  A phantom (D:6)
  A kobold brigand (D:7)
  3 bullfrogs
  7 scorpions
  A howler monkey (D:5)
  A jelly (D:6)
  2 hounds (D:4)
  Crazy Yiuf (D:5)
  2 orc priests
  2 sleepcaps (D:6)
  6 iguanas
  4 orc wizards
  Robin (D:3)
  8 adders
  A gnoll (D:1)
  2 white imps (D:6)
  2 ufetubi (D:7)
  2 worms
  24 orcs
  8 endoplasms
  2 giant cockroaches
  21 goblins
  10 hobgoblins
  4 jackals (D:5)
  5 quokkas
  7 ball pythons
  7 bats
  4 frilled lizards
  7 kobolds
  5 rats (D:1)
161 creatures vanquished.

Notes
Turn   | Place    | Note
-------+----------+-------------------------------------------
     0 | D:1      | Persephone the Octopode Shapeshifter began the quest for
                  | the Orb.
     0 | D:1      | Reached XP level 1. HP: 13/13 MP: 1/1
   121 | D:1      | Reached XP level 2. HP: 14/18 MP: 2/2
   153 | D:1      | Found Guitorekk's Magic Scroll Boutique.
   160 | D:1      | Reached skill level 1 in Stealth
   202 | D:1      | Found a faded altar of an unknown god.
   320 | D:1      | Reached XP level 3. HP: 7/23 MP: 3/3
  1328 | D:3      | Reached XP level 4. HP: 28/28 MP: 4/4
  1368 | D:3      | Reached skill level 4 in Shapeshifting
  1397 | D:3      | Reached XP level 5. HP: 28/33 MP: 5/5
  1440 | D:3      | Found a radiant altar of Vehumet.
  1443 | D:3      | Noticed Robin
  1458 | D:3      | Killed Robin
  1469 | D:3      | You fall into a shaft and drop 2 floors!
  1469 | D:5      | Entered Level 5 of the Dungeon
  1469 | D:5      | Found a bloodstained altar of Trog.
  1929 | D:3      | Reached skill level 5 in Shapeshifting
  1929 | D:3      | Reached XP level 6. HP: 38/38 MP: 6/6
  2865 | D:5      | Reached skill level 6 in Shapeshifting
  2865 | D:5      | Reached XP level 7. HP: 44/44 MP: 7/7
  3227 | D:5      | Found a runed translucent door.
  3229 | D:5      | Noticed Crazy Yiuf
  3269 | D:5      | Reached skill level 7 in Shapeshifting
  3269 | D:5      | Reached XP level 8. HP: 49/52 MP: 8/8
  3287 | D:5      | Identified the +10 hand axe of the Chain {freeze, Str+2}
  3373 | D:5      | Killed Crazy Yiuf
  3592 | D:6      | Noticed Eustachio
  3597 | D:6      | Killed Eustachio
  3598 | D:6      | Reached skill level 5 in Unarmed Combat
  3779 | D:6      | Found a shimmering altar of Xom.
  3779 | D:6      | Found a sacrificial altar of Ru.
  3845 | D:6      | Noticed Sigmund
  3991 | D:6      | Killed Sigmund
  3992 | D:6      | Reached skill level 8 in Shapeshifting
  4077 | D:6      | Reached XP level 9. HP: 53/59 MP: 9/9
  4476 | D:7      | Found a staircase to the Ecumenical Temple.
  4510 | D:7      | Reached skill level 5 in Fighting
  4530 | Temple   | Found a transporter.
  4530 | Temple   | Found a transporter.
  4530 | Temple   | Found a transporter.
  4530 | Temple   | Found a transporter.
  4530 | Temple   | Entered the Ecumenical Temple
  4681 | D:7      | Noticed Maggie
  4685 | D:7      | Found the ring of the Hare {EV+10}
  4696 | D:7      | Killed Maggie
  4697 | D:7      | Reached skill level 9 in Shapeshifting
  4999 | D:7      | Found a basalt altar of Yredelemnul.
  5107 | D:7      | Noticed a troll
  5111 | D:7      | Slain by a troll

Illustrated notes

Levels and vault maps discovered:
D:1:      minmay_arrival_hallway, layout_basic,
          shapermc_ecumenical_altar_mp_ritualfount, serial_shops, shop
D:2:      layout_rooms
D:3:      layout_rooms, vehumet_altar_wand_db, hex_intersection, uniq_robin
D:4:      layout_gridville, minivault_23, serial_bayou_ford_a
D:5:      layout_rooms, overflow_temple_1_default, uniq_crazy_yiuf_cottage
D:6:      layout_cave_pools, jmf_multi_god_temple, uniq_sigmund, uniq_eustachio
D:7:      layout_loops_ring, nicolae_overflow_hidden_temple,
          nzn_hepliaklqana_mist_gate, temple_pool_b, nzn_ghost_randoct,
          corexii_item_surrounded_by_moat, nicolae_custom_books, uniq_maggie
Temple:   hellmonk_temple_divided_pantheon

Skill      XL: |  1  2  3  4  5  6  7  8  9 |
---------------+----------------------------+-----
Stealth        | 1 2 3 4 |  4.0
Shapeshifting  | 4 5 6 7 8 9 |  9.4
Fighting       | 3 4 5 |  5.7
Unarmed Combat | 4 5 6 |  6.5
Dodging        | |  2.0

Action                     |  1- 3 |  4- 6 |  7- 9 || total
---------------------------+-------+-------+-------++-------
  Melee: Unarmed           |    49 |       |       ||    49
         Constrict         |    16 |    31 |    31 ||    78
         Tentacles         |     5 |    25 |    40 ||    70
         Dagger            |    18 |   114 |   157 ||   289
         Punch             |     1 |     1 |    12 ||    14
    Use: Potion            |       |     2 |       ||     2
         Scroll            |       |    10 |     3 ||    13
   Stab: Sleeping          |    10 |    13 |    12 ||    35
         Distracted        |       |     1 |       ||     1
 Armour: Skin              |    25 |    66 |   116 ||   207
  Dodge: Dodged            |    32 |   101 |   103 ||   236

Table legend: (Time is in decaauts)
 A = Elapsed time spent in this place.
 B = Non-inter-level travel time spent in this place.
 C = Inter-level travel time spent in this place.
 D = Time resting spent in this place.
 E = Time spent auto-exploring this place.
 F = Levels seen in this place.
 G = Mean time per level.
                   A        B        C        D        E       F      G
               +--------+--------+--------+--------+--------+-----+--------+
         Total |   5106 |   4908 |    198 |      2 |   3746 |   8 |  638.2 |
       Dungeon |   5084 |   4893 |    191 |      2 |   3746 |   7 |  726.3 |
        Temple |     22 |     15 |      7 |      0 |      0 |   1 |   22.0 |
               +--------+--------+--------+--------+--------+-----+--------+

Top non-repeatable levels by time:
     D:6: 961 daAuts
     D:4: 946 daAuts
     D:1: 729 daAuts
     D:7: 645 daAuts
     D:5: 627 daAuts
     D:3: 592 daAuts
     D:2: 581 daAuts
  Temple: 22 daAuts
